PL
NEW AMSTERDAM DUTCHMEN @ NORTHERN VIRGINIA RAINBOW MERMAIDS
06/12/2033
 
TOP OF THE 1ST
New Amsterdam Dutchmen batting - Pitching for Northern Virginia Rainbow Mermaids : RHP Guldemunde Geilinger
Pitching: RHP Guldemunde Geilinger
Batting: LHB Takayuki Yoshikawa 0-0: Called Strike
0-1: Ball
1-1: Called Strike
1-2: Ground out 6-3 (Groundball, 6)
Batting: LHB SaQwan Hackett 0-0: Ball
1-0: Called Strike
1-1: Ball
2-1: Fly out, F7 (Flyball, 7)
Batting: RHB António Martínez 0-0: Foul Ball, location: 2F
0-1: Ball
1-1: Ball
2-1: Ball
3-1: Base on Balls
Batting: RHB Jon Osterman 0-0: Swinging Strike
0-1: Foul Ball, location: 2F
0-2: Ball
1-2: Strikes out swinging
Top of the 1st over - 0 runs, 0 hits, 0 errors, 1 left on base; New Amsterdam 0 - Northern Virginia 0
BOTTOM OF THE 1ST
Northern Virginia Rainbow Mermaids batting - Pitching for New Amsterdam Dutchmen : RHP Kyle Boddy
Pitching: RHP Kyle Boddy
Batting: RHB Colt Cabana 0-0: Foul Ball, location: 2F
0-1: Swinging Strike
0-2: Strikes out swinging
Batting: LHB Scott Kerin 0-0: Called Strike
0-1: Swinging Strike
0-2: Ball
1-2: Fly out, F9 (Flyball, 9LMF)
Batting: LHB Kyoji Hakoda 0-0: Foul Ball, location: 2F
0-1: Fly out, F6 (Line Drive, 6M)
Bottom of the 1st over - 0 runs, 0 hits, 0 errors, 0 left on base; New Amsterdam 0 - Northern Virginia 0
TOP OF THE 2ND
New Amsterdam Dutchmen batting - Pitching for Northern Virginia Rainbow Mermaids : RHP Guldemunde Geilinger
Batting: RHB Bart Lewis 0-0: Foul Ball, location: 2F
0-1: Hit by Pitch
Batting: RHB Pedro Santos 0-0: Ball
1-0: Ball
2-0: Ball
3-0: Called Strike
3-1: Fly out, F8 (Flyball, 8RS)
Batting: LHB Carlos Campos 0-0: Called Strike
0-1: Swinging Strike
0-2: Strikes out swinging
Batting: RHB Roberto Hernández 0-0: Called Strike
0-1: Foul Ball, location: 2F
0-2: Strikes out looking
Top of the 2nd over - 0 runs, 0 hits, 0 errors, 1 left on base; New Amsterdam 0 - Northern Virginia 0
BOTTOM OF THE 2ND
Northern Virginia Rainbow Mermaids batting - Pitching for New Amsterdam Dutchmen : RHP Kyle Boddy
Batting: RHB Zahid Kashani 0-0: Called Strike
0-1: Ball
1-1: Fly out, F7 (Line Drive, 7LM)
Batting: SHB Melito Báez 0-0: Foul Ball, location: 2F
0-1: Ball
1-1: Ball
2-1: Ball
3-1: Foul Ball, location: 2F
3-2: SINGLE (Line Drive, 89M)
Batting: LHB Ty Tomblin 0-0: Ball
1-0: Foul Ball, location: 2F
1-1: SINGLE (Groundball, 34) (infield hit)
Melito Báez to second
Batting: RHB Tommy Socorro 0-0: Grounds into double play, 6-4-3 (Groundball, 6)
Bottom of the 2nd over - 0 runs, 2 hits, 0 errors, 1 left on base; New Amsterdam 0 - Northern Virginia 0
TOP OF THE 3RD
New Amsterdam Dutchmen batting - Pitching for Northern Virginia Rainbow Mermaids : RHP Guldemunde Geilinger
Batting: RHB David Elías 0-0: Foul Ball, location: 2F
0-1: Foul Ball, location: 2F
0-2: Ball
1-2: Fly out, F7 (Flyball, 7S)
Batting: LHB Takayuki Yoshikawa 0-0: Ball
1-0: Foul Ball, location: 2F
1-1: Ground out 1-3 (Groundball, 13)
Batting: LHB SaQwan Hackett 0-0: Ball
1-0: Foul Ball, location: 2F
1-1: Ground out 4-3 (Groundball, 4S)
Top of the 3rd over - 0 runs, 0 hits, 0 errors, 0 left on base; New Amsterdam 0 - Northern Virginia 0
BOTTOM OF THE 3RD
Northern Virginia Rainbow Mermaids batting - Pitching for New Amsterdam Dutchmen : RHP Kyle Boddy
Batting: LHB José Ruíz 0-0: Ground out 4-3 (Groundball, 4)
Batting: LHB Rio Mence 0-0: Reached on error, E3 (Groundball, 34)
Batting: RHB Colt Cabana 0-0: Ball
1-0: Ball
2-0: SINGLE (Groundball, 56D)
Rio Mence to second
Batting: LHB Scott Kerin 0-0: Called Strike
0-1: Swinging Strike
0-2: Ball
1-2: Foul Ball, location: 2F
1-2: Ball
2-2: Ball
3-2: Foul Ball, location: 2F
3-2: Foul Ball, location: 2F
3-2: Base on Balls
Rio Mence to third
Colt Cabana to second
Batting: LHB Kyoji Hakoda 0-0: Ball
1-0: Foul Ball, location: 2F
1-1: GRAND SLAM HOME RUN (Flyball, 89XD), Distance : 431 ft
Batting: RHB Zahid Kashani 0-0: Ball
1-0: Called Strike
1-1: Fly out, F9 (Flyball, 89S)
Batting: SHB Melito Báez 0-0: Called Strike
0-1: Ball
1-1: Ball
2-1: Swinging Strike
2-2: Foul Ball, location: 2F
2-2: Strikes out swinging
Bottom of the 3rd over - 4 runs, 2 hits, 1 error, 0 left on base; New Amsterdam 0 - Northern Virginia 4
TOP OF THE 4TH
New Amsterdam Dutchmen batting - Pitching for Northern Virginia Rainbow Mermaids : RHP Guldemunde Geilinger
Batting: RHB António Martínez 0-0: Called Strike
0-1: Ball
1-1: Foul Ball, location: 2F
1-2: Ball
2-2: Strikes out swinging
Batting: RHB Jon Osterman 0-0: Ball
1-0: Ball
2-0: Called Strike
2-1: Ball
3-1: Called Strike
3-2: Ground out 1-3 (Groundball, 13S)
Batting: RHB Bart Lewis 0-0: Swinging Strike
0-1: Called Strike
0-2: Ball
1-2: Ground out 6-3 (Groundball, 6)
Top of the 4th over - 0 runs, 0 hits, 0 errors, 0 left on base; New Amsterdam 0 - Northern Virginia 4
BOTTOM OF THE 4TH
Northern Virginia Rainbow Mermaids batting - Pitching for New Amsterdam Dutchmen : RHP Kyle Boddy
Batting: LHB Ty Tomblin 0-0: Ground out 4-3 (Groundball, 4)
Batting: RHB Tommy Socorro 0-0: Foul Ball, location: 2F
0-1: Ball
1-1: Swinging Strike
1-2: Hit by Pitch
Batting: LHB José Ruíz 0-0: Ball
1-0: Called Strike
1-1: Ball
2-1: Ball
3-1: Base on Balls
Tommy Socorro to second
Batting: LHB Rio Mence 0-0: Foul Ball, location: 2F
0-1: Swinging Strike
0-2: Foul Ball, location: 2F
0-2: Ball
1-2: SINGLE (Groundball, 6D)
Tommy Socorro to third
José Ruíz to second
Batting: RHB Colt Cabana 0-0: Ball
1-0: Swinging Strike
1-1: Ball
2-1: Ball
3-1: Swinging Strike
3-2: Foul Ball, location: 2F
3-2: Foul Ball, location: 2F
3-2: Base on Balls
Tommy Socorro scores
José Ruíz to third
Rio Mence to second
Batting: LHB Scott Kerin 0-0: Called Strike
0-1: Foul Ball, location: 2F
0-2: Foul Ball, location: 2F
0-2: Foul Ball, location: 2F
0-2: SINGLE (Line Drive, 7LS)
José Ruíz scores
Rio Mence to third
Colt Cabana to second
Runner from 3rd tries for Home, SAFE, throw made home
Batting: LHB Kyoji Hakoda 0-0: Ball
1-0: Grounds into double play, 4-6-3 (Groundball, 34)
Bottom of the 4th over - 3 runs, 2 hits, 0 errors, 1 left on base; New Amsterdam 0 - Northern Virginia 7
TOP OF THE 5TH
New Amsterdam Dutchmen batting - Pitching for Northern Virginia Rainbow Mermaids : RHP Guldemunde Geilinger
Batting: RHB Pedro Santos 0-0: Foul Ball, location: 2F
0-1: Called Strike
0-2: Ball
1-2: Ball
2-2: Ball
3-2: Foul Ball, location: 2F
3-2: Strikes out swinging
Batting: LHB Carlos Campos 0-0: Ball
1-0: Ball
2-0: Fly out, F9 (Flyball, 89S)
Batting: RHB Roberto Hernández 0-0: Ground out 5-3 (Groundball, 56)
Top of the 5th over - 0 runs, 0 hits, 0 errors, 0 left on base; New Amsterdam 0 - Northern Virginia 7
BOTTOM OF THE 5TH
Northern Virginia Rainbow Mermaids batting - Pitching for New Amsterdam Dutchmen : RHP Kyle Boddy
Batting: RHB Zahid Kashani 0-0: Swinging Strike
0-1: Ball
1-1: Ball
2-1: SINGLE (Line Drive, 78M)
Batting: SHB Melito Báez 0-0: Foul Ball, location: 2F
0-1: Called Strike
0-2: Ball
1-2: SINGLE (Line Drive, 6M)
Zahid Kashani to second
Batting: LHB Ty Tomblin 0-0: Ball
1-0: Called Strike
1-1: Grounds into double play, 3-6-1 (Groundball, 34)
Zahid Kashani to third
Batting: RHB Tommy Socorro 0-0: Ball
1-0: Ball
2-0: Ball
3-0: Base on Balls
Batting: LHB José Ruíz 0-0: Swinging Strike
0-1: Ball
1-1: Fielders Choice at 2nd, 6-4 (Groundball, 6)
Bottom of the 5th over - 0 runs, 2 hits, 0 errors, 2 left on base; New Amsterdam 0 - Northern Virginia 7
TOP OF THE 6TH
New Amsterdam Dutchmen batting - Pitching for Northern Virginia Rainbow Mermaids : RHP Guldemunde Geilinger
Batting: RHB David Elías 0-0: Ball
1-0: Foul Ball, location: 2F
1-1: Foul Ball, location: 2F
1-2: Foul Ball, location: 2F
1-2: Ball
2-2: Strikes out swinging, 2-3 out at first.
Batting: LHB Takayuki Yoshikawa 0-0: Ball
1-0: Ball
2-0: Called Strike
2-1: Foul Ball, location: 2F
2-2: Strikes out swinging
Batting: LHB SaQwan Hackett 0-0: Foul Ball, location: 2F
0-1: Ball
1-1: Ball
2-1: Foul Ball, location: 2F
2-2: Strikes out swinging
Top of the 6th over - 0 runs, 0 hits, 0 errors, 0 left on base; New Amsterdam 0 - Northern Virginia 7
BOTTOM OF THE 6TH
Northern Virginia Rainbow Mermaids batting - Pitching for New Amsterdam Dutchmen : RHP Kyle Boddy
Batting: LHB Rio Mence 0-0: Ball
1-0: Called Strike
1-1: Ball
2-1: Ball
3-1: Base on Balls
Batting: RHB Colt Cabana 0-0: Called Strike
0-1: Ball
1-1: Ball
2-1: Ball
3-1: Fly out, F6 (Popup, 6MS)
Batting: LHB Scott Kerin 0-0: Ball
1-0: Called Strike
1-1: Ball
2-1: Ball
3-1: Fly out, F8 (Flyball, 8RS)
Batting: LHB Kyoji Hakoda 0-0: Ball
1-0: Ball
2-0: Ground out 4-3 (Groundball, 4)
Bottom of the 6th over - 0 runs, 0 hits, 0 errors, 1 left on base; New Amsterdam 0 - Northern Virginia 7
TOP OF THE 7TH
New Amsterdam Dutchmen batting - Pitching for Northern Virginia Rainbow Mermaids : RHP Guldemunde Geilinger
Batting: RHB António Martínez 0-0: Called Strike
0-1: Ball
1-1: Ball
2-1: Foul Ball, location: 2F
2-2: Foul Ball, location: 2F
2-2: Ball
3-2: Fly out, F8 (Flyball, 8LD)
Batting: RHB Jon Osterman 0-0: Ball
1-0: Ground out 6-3 (Groundball, 6)
Batting: RHB Bart Lewis 0-0: Ball
1-0: Ball
2-0: Fly out, F8 (Flyball, 8RS)
Top of the 7th over - 0 runs, 0 hits, 0 errors, 0 left on base; New Amsterdam 0 - Northern Virginia 7
BOTTOM OF THE 7TH
Northern Virginia Rainbow Mermaids batting - Pitching for New Amsterdam Dutchmen : RHP Kyle Boddy
Batting: RHB Zahid Kashani 0-0: Called Strike
0-1: Ground out 6-3 (Groundball, 6MD)
Batting: SHB Melito Báez 0-0: Ball
1-0: Ground out 4-3 (Groundball, 4)
Batting: LHB Ty Tomblin 0-0: TRIPLE (Line Drive, 89XD)
Pitching: RHP Esteban Ruíz
Batting: RHB Tommy Socorro 0-0: Foul Ball, location: 2F
0-1: Ball
1-1: Swinging Strike
1-2: Foul Ball, location: 2F
1-2: Reached on error, E6 (Groundball, 6)
Ty Tomblin scores
Batting: LHB José Ruíz 0-0: Ball
1-0: Foul Ball, location: 2F
1-1: Ball
Wild Pitch!
Tommy Socorro to second
2-1: Swinging Strike
2-2: Strikes out swinging
Bottom of the 7th over - 1 run, 1 hit, 1 error, 1 left on base; New Amsterdam 0 - Northern Virginia 8
TOP OF THE 8TH
New Amsterdam Dutchmen batting - Pitching for Northern Virginia Rainbow Mermaids : RHP Guldemunde Geilinger
Batting: RHB Pedro Santos 0-0: Called Strike
0-1: Foul Ball, location: 2F
0-2: Ball
1-2: Strikes out looking
Batting: LHB Carlos Campos 0-0: Called Strike
0-1: Ball
1-1: Foul Ball, location: 2F
1-2: Ball
2-2: Foul Ball, location: 2F
2-2: Strikes out swinging
Batting: RHB Roberto Hernández 0-0: Called Strike
0-1: Ball
1-1: Ground out 4-3 (Groundball, 4)
Top of the 8th over - 0 runs, 0 hits, 0 errors, 0 left on base; New Amsterdam 0 - Northern Virginia 8
BOTTOM OF THE 8TH
Northern Virginia Rainbow Mermaids batting - Pitching for New Amsterdam Dutchmen : RHP Esteban Ruíz
Batting: LHB Rio Mence 0-0: Called Strike
0-1: Ball
1-1: Ball
2-1: Swinging Strike
2-2: Ball
3-2: Ground out 3-1 (Groundball, 34)
Batting: RHB Colt Cabana 0-0: Ball
1-0: Swinging Strike
1-1: Foul Ball, location: 2F
1-2: Ball
2-2: Strikes out looking
Batting: LHB Scott Kerin 0-0: Called Strike
0-1: Reached via error on a dropped throw, E3
Batting: LHB Kyoji Hakoda 0-0: Ball
1-0: Ball
2-0: Swinging Strike
2-1: Ground out 4-3 (Groundball, 4MS)
Bottom of the 8th over - 0 runs, 0 hits, 1 error, 1 left on base; New Amsterdam 0 - Northern Virginia 8
TOP OF THE 9TH
New Amsterdam Dutchmen batting - Pitching for Northern Virginia Rainbow Mermaids : RHP Guldemunde Geilinger
Batting: RHB David Elías 0-0: SINGLE (Groundball, 56D)
Pitching: LHP Raúl Gómez
Batting: LHB Takayuki Yoshikawa 0-0: Foul Ball, location: 2F
0-1: Swinging Strike
0-2: Foul Ball, location: 2F
0-2: Ball
1-2: Foul Ball, location: 2F
1-2: Foul Ball, location: 2F
1-2: Ball
2-2: Strikes out swinging
Pinch Hitting: RHB John Schnatter 0-0: Called Strike
0-1: Ball
1-1: Foul Ball, location: 2F
1-2: Ball
2-2: Foul Ball, location: 2F
2-2: Ball
3-2: Base on Balls
David Elías to second
Batting: RHB António Martínez 0-0: Called Strike
0-1: Ball
1-1: Foul Ball, location: 2F
1-2: SINGLE (Groundball, 56) (infield hit)
David Elías to third
John Schnatter to second
Batting: RHB Jon Osterman 0-0: Ball
1-0: Swinging Strike
1-1: Foul Ball, location: 2F
1-2: Strikes out looking
Batting: RHB Bart Lewis 0-0: Called Strike
0-1: Ball
1-1: Ball
2-1: Swinging Strike
2-2: Fly out, F7 (Flyball, 7LD)
Top of the 9th over - 0 runs, 2 hits, 0 errors, 3 left on base; New Amsterdam 0 - Northern Virginia 8
Saturday, December 22nd, 2018 - OOTP Baseball 18.8 Build 76